Map: Crimson Court LE

Players

ZaRDieNT - Winner!

  • Race: Terran Terran
  • League: Master
  • Spawn Location: 7:00

Ninelie

  • Race: Terran Terran
  • League: Grandmaster
  • Spawn Location: 1:00

VOD

Have the link to the VOD?

Description

Time

  • Played on: July 29, 2024, 9:39 a.m.
  • Length: 7:48
Show
View Real Time Build Order
Export as new Build Order

ZaRDieNT Terran - Winner!

Build Orders: Cyclone Opening 

Get SALT Encoding   

  12  0:00  SCV  
  13  0:12  SCV  
  14  0:17  Supply Depot  
  14  0:24  SCV  
  15  0:38  SCV  
  15  0:40  Barracks  
  16  0:44  Refinery  
  16  0:51  SCV  
  16  0:52  Refinery  
  17  1:03  SCV  
  18  1:15  SCV  
  19  1:27  Orbital Command, Reaper  
  19  1:28  Supply Depot  
  20  1:41  Factory  
  20  1:53  SCV  
  21  1:59  Reaper  
  22  2:06  SCV  
  23  2:17  Command Center  
  23  2:20  SCV  
  24  2:25  Cyclone  
  26  2:32  Barracks Tech Lab  
  26  2:35  SCV  
  27  2:37  Supply Depot  
  27  2:44  Starport  
  27  2:47  SCV  
  28  3:01  SCV, Barracks Tech Lab  
  32  3:12  Siege Tank  
  32  3:13  SCV  
  32  3:19  Refinery  
  32  3:35  Orbital Command  
  32  3:41  Raven  
  34  3:48  SCV  
  35  3:50  Refinery  
  35  3:56  Siege Tank  
  35  4:00  SCV  
  35  4:02  Barracks Reactor  
  38  4:03  SCV  
  39  4:10  Supply Depot  
  39  4:12  SCV  
  39  4:15  SCV  
  41  4:24  SCV  
  41  4:27  SCV  
  41  4:29  Siege Tank  
  46  4:35  Supply Depot  
  46  4:36  SCV  
  46  4:40  SCV  
  45  4:48  SCV  
  45  4:51  Viking x2  
  45  4:52  SCV  
  50  5:01  SCV  
  50  5:04  SCV  
  50  5:05  Factory  
  52  5:13  SCV  
  50  5:25  Siege Tank  
  50  5:26  Viking  
  50  5:27  SCV  
  56  5:29  SCV  
  57  5:37  Viking  
  57  5:39  SCV  
  57  5:41  SCV  
  61  5:43  Supply Depot  
  61  5:49  Siege Tank  
  64  5:51  SCV  
  64  5:53  SCV  
  64  6:03  Viking, SCV  
  67  6:05  SCV  
  67  6:07  Viking  
  70  6:14  Siege Tank  
  70  6:15  SCV  
  70  6:17  SCV  
  78  6:25  Siege Tank  
  78  6:29  Supply Depot x2  
  78  6:47  SCV x2  
  78  6:50  Liberator  
  76  6:55  Siege Tank  
  76  6:59  SCV x2  
  81  7:03  Command Center  
  81  7:04  Supply Depot  
  81  7:07  Viking  
  83  7:09  Siege Tank  
  83  7:11  SCV x2  
  88  7:23  SCV x2  
  91  7:35  SCV x2  
Show
View Real Time Build Order
Export as new Build Order

Ninelie Terran 

Build Orders: Cyclone Opening 

Get SALT Encoding   

  12  0:00  SCV  
  13  0:12  SCV  
  14  0:17  Supply Depot  
  14  0:24  SCV  
  15  0:38  SCV  
  15  0:40  Barracks  
  16  0:43  Refinery  
  16  0:50  SCV  
  16  0:53  Refinery  
  17  1:02  SCV  
  18  1:14  SCV  
  19  1:26  Orbital Command  
  19  1:28  Reaper  
  19  1:29  Supply Depot  
  20  1:40  Factory  
  20  1:52  SCV  
  21  2:00  Reaper  
  22  2:04  SCV  
  23  2:16  SCV  
  24  2:23  Command Center  
  24  2:26  Cyclone  
  26  2:32  Barracks Reactor  
  26  2:34  SCV  
  27  2:38  Supply Depot  
  27  2:48  Starport  
  27  2:50  SCV  
  28  3:01  Cyclone  
  28  3:02  SCV  
  31  3:08  Marine x2  
  33  3:14  SCV  
  34  3:26  Marine x2, SCV  
  35  3:35  Medivac  
  35  3:36  Factory Tech Lab  
  37  3:44  Marine x2  
  37  3:47  SCV  
  37  3:48  Orbital Command  
  40  3:57  Refinery  
  40  3:58  Siege Tank  
  40  3:59  SCV  
  40  4:02  Marine x2  
  46  4:08  Starport Tech Lab  
  46  4:11  SCV  
  47  4:19  Marine  
  47  4:20  Marine  
  49  4:31  Siege Tank, Banshee  
  53  4:59  Marine  
  54  5:03  Command Center  
  54  5:05  Supply Depot  
  54  5:08  Siege Tank, Marine, SCV x2  
  53  5:25  Banshee  
  53  5:28  Marine x2  
  52  5:29  Supply Depot, SCV x2  
  52  5:32  Refinery  
  54  5:40  Siege Tank  
  54  5:41  SCV x2  
  59  6:02  SCV  
  57  6:05  SCV  
  57  6:06  Barracks x2  
  57  6:07  Barracks  
  57  6:09  Barracks  
  57  6:11  Banshee  
  58  6:12  Siege Tank  
  58  6:15  Orbital Command  
  58  6:16  SCV  
  62  6:21  Marine x2  
  64  6:28  SCV x2  
  64  6:31  Supply Depot  
  66  6:39  Marine  
  67  6:40  SCV x2  
  67  6:43  Marine  
  67  6:44  Orbital Command  
  67  6:46  Engineering Bay x2  
  70  6:52  SCV x2  
  58  6:55  Siege Tank  
  58  7:04  SCV  
  58  7:08  Barracks Reactor, Barracks Tech Lab  
  59  7:09  Barracks Tech Lab  
  59  7:10  SCV x2  
  59  7:14  Marauder  
  63  7:16  Viking  
Tags
 
Add a new tag
Caveats
  • Supply blocks, unpowered buildings, or Contaminate may cause inaccurate times.
  • Supply counts are checked every 10 seconds.